[Event "Late-Titled-Tuesday-Blitz-October-10-2023"]
[Site "Chess.com"]
[Date "2023.10.10"]
[Round "10"]
[White "McCarthyStone"]
[Black "Elbebiber"]
[Result "1-0"]
[WhiteElo "2422"]
[BlackElo "2144"]
[TimeControl "180+1"]
[EndTime "15:50:45 PDT"]
[Termination "McCarthyStone won by resignation"]

1. e4 d5 2. Nc3 Nf6 3. e5 d4 4.
exf6 dxc3 5. fxg7 cxd2+ 6. Qxd2 Qxd2+ 7. Bxd2 Bxg7 8. O-O-O Nc6 9. Bb5 Bd7 10. Nf3 Bf6 11. Bf4 O-O-O 12. Rhe1 a6 13. Bc4 e6 14. Ng5 Rdf8 15.
Ne4 Be7 16. c3 Rhg8 17. g3 Na5 18. Bf1 Nc6 19. Bd3 f5 20. Nd2 Bf6 21. Nb3 e5 22.
Bh6 Rd8 23. Nc5 e4 24. Bc4 Ne5 25. Bxg8 Rxg8 26. Nxd7 Nxd7 27. Bf4 Nc5 28. Kc2 Nd3 29. Rxd3 exd3+ 30. Kxd3 Rd8+ 31. Kc2 c6 32. Re6 Rf8 33. Bh6 Rf7 34. Re8+ Kd7 35. Rb8 Ke6 36. Bf4 Kd5 37. b3 Ke4 38. Bd2 Kf3 39. Be3 Be5 40. Re8 Bd6 41. Re6 Bc7 42. Rh6 f4 43. Bxf4 Bxf4 44.
gxf4 Kxf4 45. Rh3 Re7 46. Kd2 Rd7+ 47. Ke2 Re7+ 48. Kf1 Rd7 49. Re3 Rd1+ 50. Ke2 Ra1 51. a4 Rb1 52. b4 Ra1 53. a5 Rh1 54. Rh3 Rc1 55. Kd2 Rf1 56. Rxh7 Rxf2+ 57. Kd3 Rf3+ 58. Kc4 Kg5 59. Rxb7 Rh3 60. Rb6 Rxh2 61. Rxc6 Kf5 62. Rxa6 Rh4+ 63. Kb5 Ke5 64. Rc6 Kd5 65. c4+ Ke5 66. a6 Rh1 67. a7 Ra1 68. Ra6 1-0

[Event "Late-Titled-Tuesday-Blitz-October-10-2023"]
[Site "Chess.com"]
[Date "2023.10.10"]
[Round "10"]
[White "dorpato"]
[Black "lluiss"]
[Result "1-0"]
[WhiteElo "2094"]
[BlackElo "2210"]
[TimeControl "180+1"]
[EndTime "15:50:48 PDT"]
[Termination "dorpato won on time"]

1. e4 c5 2. Nc3 d6 3. g3 Nc6 4. Bg2 g6 5. d3 Bg7 6. Be3 Rb8 7.
Qd2 b5 8. Rb1 b4 9. Nce2 Qb6 10.
h3 e6 11. Nf3 h5 12. O-O Nge7 13.
Bg5 a5 14. c3 Ba6 15. c4 a4 16. Nh2 Nd4 17. Nxd4 Bxd4 18. Nf3 Bg7 19. Qf4 f6 20. Bh4 e5 21. Qe3 Bh6 22. Qe2 g5 23. Nxg5 Bxg5 24.
Bxg5 fxg5 25. f4 gxf4 26. gxf4 Bc8 27. f5 Rb7 28. Bf3 Kd8 29. Bxh5 Ng8 30. Qg4 Nf6 31. Qg5 Rf8 32. Bg6 Qc7 33. Rf3 Qe7 34. Qg2 Rg8 35. Rg3 Rg7 36. Kh2 Bd7 37. Rg1 Be8 38. Qf3 Bxg6 39. Rxg6 Rxg6 40. Rxg6 Qf7 41. Qe3 Ne8 42.
Qh6 Re7 43. Qg5 Kd7 44. h4 Kc7 45. h5 Qh7 46. f6 1-0

[Event "Late-Titled-Tuesday-Blitz-October-10-2023"]
[Site "Chess.com"]
[Date "2023.10.10"]
[Round "10"]
[White "Binary010"]
[Black "NigelDwarf"]
[Result "1-0"]
[WhiteElo "2837"]
[BlackElo "2569"]
[TimeControl "180+1"]
[EndTime "15:50:49 PDT"]
[Termination "Binary010 won by checkmate"]

1. e4 c5 2. Nf3 d6 3. d4 Nf6 4. Nc3 cxd4 5. Nxd4 a6 6. Rg1 b5 7. a4 b4 8. Nd5 e6 9. Nxf6+ gxf6 10. Be3 Bb7 11.
Bd3 Nc6 12. Qh5 Qd7 13. O-O-O Be7 14. Kb1 Nxd4 15. Bxd4 Qxa4 16. b3 Qd7 17. Qh6 e5 18. Bb2 a5 19. Qd2 Rg8 20. f3 Kf8 21. Bc4 a4 22. bxa4 Qxa4 23. Bb3 Qa5 24. g4 Bc6 25. h4 Ra7 26. g5 fxg5 27. hxg5 Rg6 28. f4 Bxe4 29. Qe3 d5 30. fxe5 Bc5 31. Qh3 Bxg1 32. Qc8+ Kg7 33. e6+ d4 34. Rxg1 Rxe6 35. Bxd4+ Kg6 36. Qg8+ Kf5 37. Qxh7+ Rg6 38. Qh3+ Kf4 39.
Qg3+ Kf5 40. Rf1+ Bf3 41. Rxf3+ Ke4 42. Qf4# 1-0

[Event "Late-Titled-Tuesday-Blitz-October-10-2023"]
[Site "Chess.com"]
[Date "2023.10.10"]
[Round "10"]
[White "Battever"]
[Black "FaustinoOro"]
[Result "1-0"]
[WhiteElo "2554"]
[BlackElo "2842"]
[TimeControl "180+1"]
[EndTime "15:50:49 PDT"]
[Termination "Battever won by resignation"]

1. Nf3 d5 2. g3 g6 3. Bg2 Bg7 4. O-O e5 5. d3 Nc6 6. Nc3 Nge7 7.
e4 dxe4 8. dxe4 O-O 9. Qxd8 Nxd8 10. Bg5 f6 11. Be3 Be6 12. Rfd1 c6 13. a4 Nf7 14. a5 Rfd8 15. Na4 Nd6 16. Nc5 Bf7 17.
b3 h6 18. Bh3 f5 19. a6 bxa6 20. Rxa6 fxe4 21. Nd2 Ndf5 22. Ncxe4 Nxe3 23. fxe3 Nf5 24. Re1 Bd5 25. c4 Bf7 26. Rxc6 Rab8 27. Re2 Rd3 28. Nc5 Rxe3 29. Rxe3 Nxe3 30. Be6 Bf8 31. Bxf7+ Kxf7 32. Rc7+ Kg8 33. Nde4 Bg7 34. Rxa7 Nf5 35. Ne6 Re8 36.
Nxg7 Nxg7 37. Nf6+ Kf8 38. Nxe8 Nxe8 39. Ra5 e4 40. Re5 Nd6 41. Rd5 Ke7 42. g4 Ke6 43. h4 Nf7 44. h5 g5 45. Kf2 Ne5 46. Rxe5+ Kxe5 47. Ke3 1-0

[Event "Late-Titled-Tuesday-Blitz-October-10-2023"]
[Site "Chess.com"]
[Date "2023.10.10"]
[Round "10"]
[White "ElenGajger"]
[Black "martinez_95"]
[Result "0-1"]
[WhiteElo "2361"]
[BlackElo "2230"]
[TimeControl "180+1"]
[EndTime "15:50:50 PDT"]
[Termination "martinez_95 won by resignation"]

1. e4 c5 2. Nc3 d6 3. f4 g6 4. Nf3 Bg7 5. Bc4 Nc6 6. O-O Nf6 7. d3 O-O 8. Qe1 Nd4 9. Nxd4 cxd4 10. Nd5 Nxd5 11.
Bxd5 e6 12. Bb3 a5 13. a4 Bd7 14. Bd2 Bc6 15. f5 exf5 16. exf5 d5 17. Qg3 b5 18.
axb5 Bxb5 19. Qf3 Bc6 20. Rae1 a4 21. Ba2 a3 22. bxa3 Rxa3 23. Bb3 Ra7 24. Bb4 Re8 25. Rxe8+ Qxe8 26. Bxd5 Bxd5 27. Qxd5 Qe3+ 28. Kh1 Bf6 29.
fxg6 hxg6 30. Re1 Qf2 31. h3 Bh4 32. Qc5 Ra8 33. Rg1 Bg3 34. Be1 Qxg1+ 35. Kxg1 Ra1 36. Qb4 Rxe1+ 37. Qxe1 Bxe1 38. Kf1 Bc3 39. Ke2 Kg7 40. Kf3 f6 41. Ke4 Kf7 42. h4 Ke6 43. g4 f5+ 44. gxf5+ gxf5+ 45. Kf3 Kf6 46. h5 Kg5 47. h6 Kxh6 48. Kf4 Kg6 0-1

[Event "Late-Titled-Tuesday-Blitz-October-10-2023"]
[Site "Chess.com"]
[Date "2023.10.10"]
[Round "10"]
[White "IlanSchnaider"]
[Black "Denis_Makhnyov"]
[Result "1-0"]
[WhiteElo "2796"]
[BlackElo "2901"]
[TimeControl "180+1"]
[EndTime "15:50:51 PDT"]
[Termination "IlanSchnaider won by resignation"]

1. e4 e5 2. Nf3 Nc6 3. d4 exd4 4. Nxd4 Qf6 5. Nf3 Bc5 6. Nc3 Bb4 7. Bd2 Bf8 8. Nd5 Qd8 9. Bc4 d6 10. Bc3 Be6 11. Qd2 Qd7 12. O-O-O O-O-O 13. Rhe1 h6 14. Bb3 Nge7 15. Kb1 Kb8 16. Nxe7 Qxe7 17. Nd4 Nxd4 18. Bxd4 Rg8 19. e5 d5 20. f4 g6 21. Bf2 c5 22. c3 Qc7 23. h3 h5 24. Bh4 Rd7 25.
Ba4 Be7 26. Bxd7 Bxh4 27. Bxe6 Bxe1 28. Qxd5 Bh4 29. Bd7 Rf8 30. g4 hxg4 31. hxg4 Bg3 32. Qf3 Bh4 33. Qd5 Bg3 34. Qf3 Bh4 35. Rd5 Rd8 36.
Bb5 Rxd5 37. Qxd5 Qd8 38. Bc4 Qxd5 39. Bxd5 f6 40. Bf7 f5 41. g5 Bg3 42. e6 Kc7 43. e7 1-0

[Event "Late-Titled-Tuesday-Blitz-October-10-2023"]
[Site "Chess.com"]
[Date "2023.10.10"]
[Round "10"]
[White "Oleksandr_Bortnyk"]
[Black "Zhigalko_Sergei"]
[Result "0-1"]
[WhiteElo "3030"]
[BlackElo "2919"]
[TimeControl "180+1"]
[EndTime "15:50:54 PDT"]
[Termination "Zhigalko_Sergei won on time"]

1. e4 c5 2. c3 d5 3. exd5 Qxd5 4. d4 Nf6 5. Be3 cxd4 6. cxd4 e6 7. Nc3 Bb4 8. Nf3 O-O 9. Bd3 b6 10. O-O Bxc3 11. bxc3 Ba6 12. a4 Bxd3 13. Qxd3 Nc6 14. Rab1 h6 15. c4 Qe4 16. Qa3 Rfd8 17. h3 Rac8 18. Rfc1 Na5 19. Nd2 Qg6 20. Rb5 Rd7 21. Nf3 Rdc7 22. c5 Nd5 23. Bd2 Nc6 24. a5 bxa5 25.
Bxa5 Nf4 26. Nh4 Qg5 27. Bxc7 Rxc7 28. Re1 Qxh4 29. Qf3 Nd5 30. Re4 Qf6 31. Qg3 Nxd4 32. Rb8+ Kh7 33. Qd3 Nf5 34. g4 Qg6 35. Rc4 Nh4 36. Qg3 Qf6 37. Rb3 g5 38. c6 Nf4 39.
Qe3 Qa1+ 40. Kh2 Qf1 41. Qe4+ f5 42. Rc2 fxe4 0-1

[Event "Late-Titled-Tuesday-Blitz-October-10-2023"]
[Site "Chess.com"]
[Date "2023.10.10"]
[Round "10"]
[White "ThaBarWa"]
[Black "hakanazeri2"]
[Result "0-1"]
[WhiteElo "2437"]
[BlackElo "2598"]
[TimeControl "180+1"]
[EndTime "15:50:54 PDT"]
[Termination "hakanazeri2 won on time"]

1. d4 d5 2. c4 c6 3. Nf3 Nf6 4. Nc3 dxc4 5. a4 Bf5 6. Ne5 e6 7. f3 Bb4 8. Nxc4 O-O 9. e4 Bxe4 10. fxe4 Nxe4 11. Qd3 f5 12. Be2 Qh4+ 13. g3 Qh3 14. Bf4 Qg2 15. O-O-O Nf2 16. Qf3 Qxf3 17. Bxf3 Nxh1 18.
Bxh1 Nd7 19. Na2 Be7 20. Re1 Nb6 21. Nxb6 axb6 22. Rxe6 Bf6 23. Be5 Rxa4 24. Nc3 Ra1+ 25. Nb1 Kf7 26. Rd6 Ke7 27. Kc2 Ra5 28. Nc3 Bxe5 29.
dxe5 Rxe5 30. Rd4 b5 31. Bg2 Ra8 32. Rd2 Ra1 33. Ne2 g5 34. Nd4 Rg1 35. Bh3 g4 36. Bg2 h5 37. Rf2 Kf6 38. Bf1 Rc5+ 39. Kb3 Rd5 40.
Kc3 b4+ 41. Kc4 b5+ 42. Kd3 c5 0-1

[Event "Late-Titled-Tuesday-Blitz-October-10-2023"]
[Site "Chess.com"]
[Date "2023.10.10"]
[Round "10"]
[White "victormago"]
[Black "blueryder"]
[Result "1-0"]
[WhiteElo "2475"]
[BlackElo "2172"]
[TimeControl "180+1"]
[EndTime "15:50:54 PDT"]
[Termination "victormago won on time"]

1. d4 Nf6 2. c4 e6 3. Nc3 Bb4 4. Qc2 Nc6 5. Nf3 d6 6. Bg5 O-O 7. e3 e5 8. dxe5 Nxe5 9. Nxe5 dxe5 10. Bd3 h6 11. Bh4 c6 12. O-O Be7 13. Rad1 Qc7 14. h3 Be6 15. Bg3 Rad8 16. b3 Qa5 17. Na4 Nd7 18. Bh7+ Kh8 19. Bf5 b5 20. Bxe6 fxe6 21. Nc3 bxc4 22. bxc4 Nf6 23. Ne4 a6 24. Rb1 Qc7 25.
Rb3 Rb8 26. Rfb1 Rxb3 27. axb3 Kg8 28. Nd2 Nd7 29. Nf3 Bf6 30. b4 Qd6 31. Rd1 Qe7 32.
c5 Rb8 33. Qc4 Nf8 34. Qxa6 Ng6 35. Qxc6 Rxb4 36. Qd6 Qe8 37. Nxe5 Nxe5 38. Bxe5 Bxe5 39. Qxe5 Qc8 40. g3 Rb5 41. Rc1 Kh7 42. Qd6 Kg8 43. c6 Rb6 44. Qd7 1-0

[Event "Late-Titled-Tuesday-Blitz-October-10-2023"]
[Site "Chess.com"]
[Date "2023.10.10"]
[Round "10"]
[White "SEBAZZANO"]
[Black "SanchezKelvin"]
[Result "0-1"]
[WhiteElo "2246"]
[BlackElo "2565"]
[TimeControl "180+1"]
[EndTime "15:50:58 PDT"]
[Termination "SanchezKelvin won on time"]

1. d4 Nf6 2. Bf4 d5 3. e3 c5 4. c3 Nc6 5. Nd2 Qb6 6. Qb3 c4 7. Qc2 Nh5 8. Bg3 g6 9. Be2 Nxg3 10. hxg3 Bg7 11. e4 e6 12. Ngf3 Bd7 13. O-O O-O 14. e5 f5 15. exf6 Rxf6 16. b3 cxb3 17. Qxb3 Qc7 18. Rab1 Na5 19. Qb2 Rc8 20. Ne5 Be8 21.
c4 dxc4 22. Ndxc4 Nc6 23. Nxc6 Bxc6 24. Ne5 Bd5 25. Bf3 Rf5 26. Bxd5 exd5 27. Qxb7 Bxe5 28. Qxd5+ Qf7 29. Qxf7+ Kxf7 30. dxe5 Rxe5 31. Rb7+ Re7 32.
Rfb1 Rcc7 33. Rxc7 Rxc7 34. Rb2 Ke6 35. f3 Ke5 36.
Kf2 Kd4 37. Ke2 Kc3 38. Rb3+ Kc2 39. Ra3 Re7+ 40. Kf2 Kb2 41. Ra6 Kc3 42. g4 Kb4 43. Kg3 Kb5 44. Ra3 a5 45. Rb3+ Kc4 46. Rb2 a4 47.
Rc2+ Kd3 0-1

[Event "Late-Titled-Tuesday-Blitz-October-10-2023"]
[Site "Chess.com"]
[Date "2023.10.10"]
[Round "10"]
[White "Alphafischer2019"]
[Black "Harald_Schmidt"]
[Result "1-0"]
[WhiteElo "2579"]
[BlackElo "2377"]
[TimeControl "180+1"]
[EndTime "15:51:01 PDT"]
[Termination "Alphafischer2019 won on time"]

1. e4 c6 2. d4 d5 3. Nc3 a6 4.
Nf3 Bg4 5. e5 e6 6. Be3 c5 7.
dxc5 Nc6 8. Be2 Nge7 9. Na4 Nf5 10. Bd2 Nxe5 11. Nxe5 Bxe2 12. Qxe2 Qc7 13. Nd3 Nd4 14. Qd1 e5 15. Nb6 Rd8 16. c3 Nc6 17. O-O e4 18. Bf4 Qe7 19. Nb4 Qxc5 20. N4xd5 Bd6 21. Be3 Qb5 22.
Qg4 O-O 23. b4 f5 24. Qh3 Ne5 25. Rac1 Nd3 26. c4 Qe8 27. Rcd1 Nxb4 28. c5 Nxd5 29. Nxd5 Be5 30. g3 Qe6 31. Nf4 Qxa2 32. Rxd8 Rxd8 33. Qxf5 Bxf4 34. Bxf4 Qd5 35. Qxd5+ Rxd5 36. Rc1 Kf7 37. c6 bxc6 38. Rxc6 a5 39. Ra6 Rd1+ 40. Kg2 Ra1 41. Be5 Ra2 42. Ra7+ Ke6 43. Bd4 g6 44. h4 h5 45. Ra6+ Kd5 46. Be3 a4 47.
Rxg6 Kc4 48. g4 1-0

[Event "Late-Titled-Tuesday-Blitz-October-10-2023"]
[Site "Chess.com"]
[Date "2023.10.10"]
[Round "10"]
[White "FERNANDEZL1983"]
[Black "jcibarra"]
[Result "0-1"]
[WhiteElo "2530"]
[BlackElo "2869"]
[TimeControl "180+1"]
[EndTime "15:51:04 PDT"]
[Termination "jcibarra won by resignation"]

1. d4 Nf6 2. Nf3 g6 3. Nbd2 Bg7 4. e4 O-O 5. h3 d6 6. b3 c5 7. Bb2 cxd4 8. Nxd4 Nbd7 9. Bd3 Nc5 10. O-O Bd7 11. Re1 Rc8 12. Bf1 a6 13. c4 Qc7 14.
N4f3 e5 15. Rc1 a5 16. Qc2 Bc6 17. Ba3 b6 18. Bxc5 bxc5 19. Nb1 a4 20. Nc3 axb3 21.
axb3 Nh5 22. Nb5 Qe7 23. Red1 Rfd8 24. Ra1 Rd7 25. Ra6 Nf4 26. h4 Ne6 27. Nc3 Nd4 28.
Nxd4 cxd4 29. Nd5 Bxd5 30. exd5 Qxh4 31. g3 Qe7 32. Qa2 e4 33. b4 d3 34. Re1 Bc3 35. Re3 d2 36. Qc2 Bxb4 37. Rxe4 Qxe4 38. Qxe4 d1=Q 39. Rc6 Ra8 40. Kg2 Bc5 41. Qf4 Re7 42.
Rxc5 dxc5 43. d6 Rd7 44. Qe4 Rad8 45. Be2 Qxd6 46. Bf3 Qf6 47. Qe3 Rd3 48. Qe2 Qxf3+ 49. Qxf3 Rxf3 50. Kxf3 Rd4 51. Ke3 Rxc4 0-1

[Event "Late-Titled-Tuesday-Blitz-October-10-2023"]
[Site "Chess.com"]
[Date "2023.10.10"]
[Round "10"]
[White "GaiozNigalidze"]
[Black "cande_francisco"]
[Result "1-0"]
[WhiteElo "2722"]
[BlackElo "2527"]
[TimeControl "180+1"]
[EndTime "15:51:05 PDT"]
[Termination "GaiozNigalidze won by checkmate"]

1. e4 c5 2. Nf3 g6 3. a4 Bg7 4. h4 Nc6 5. c4 h5 6. Nc3 d6 7. Be2 e6 8. d3 Nge7 9. Ng5 Nd4 10. Be3 Nec6 11. Rc1 a6 12. g3 Rb8 13. O-O Nxe2+ 14. Qxe2 O-O 15. Nf3 Nd4 16. Qd1 e5 17. Nd2 Bg4 18. f3 Bh3 19. Rf2 Be6 20. Kg2 Qd7 21. Ra1 f5 22. Bg5 f4 23. gxf4 exf4 24. Kh2 b5 25.
cxb5 axb5 26. a5 Ra8 27. Nd5 Bxd5 28. exd5 Qf5 29. Ne4 Qxd5 30. a6 Rf7 31. Nc3 Qc6 32. a7 Rfxa7 33. Rxa7 Rxa7 34. Ne4 Rf7 35. Qc1 Be5 36.
Kg2 Nf5 37. Qa1 Ne3+ 38. Kh2 Qd5 39. Qa5 Qxd3 40. Qd8+ Kg7 41. Be7 Ng4+ 42. Kg2 Nxf2 43. Ng5 Ng4 44. Bf8+ Rxf8 45. Qe7+ Kg8 46. Qh7# 1-0

[Event "Late-Titled-Tuesday-Blitz-October-10-2023"]
[Site "Chess.com"]
[Date "2023.10.10"]
[Round "10"]
[White "YouShallNotPass001"]
[Black "chosenpr"]
[Result "0-1"]
[WhiteElo "2404"]
[BlackElo "2282"]
[TimeControl "180+1"]
[EndTime "15:51:06 PDT"]
[Termination "chosenpr won on time"]

1. g3 Nf6 2. Bg2 d5 3. c4 c6 4. Nf3 Bf5 5. cxd5 cxd5 6. Qb3 Qc7 7. Nc3 e6 8. d4 a6 9. Bf4 Qd7 10. Na4 Qb5 11. Nb6 Bb4+ 12. Bd2 Bxd2+ 13. Nxd2 Ra7 14. Qxb5+ axb5 15. Rc1 O-O 16. a3 Nc6 17. Rc5 Nxd4 18. e3 Ra6 19. Nc8 Nc6 20. Nd6 Ne5 21. Nxb7 Nd3+ 22. Ke2 Nxc5 23. Nxc5 Rc6 24. Rc1 Rfc8 25. b4 Ra8 26. Rc3 Nd7 27. g4 Bxg4+ 28. f3 Bf5 29. e4 dxe4 30. fxe4 Bg4+ 31. Ke3 Nxc5 32. bxc5 Rac8 33. Nb3 Bd1 34. Bf1 Bxb3 35. Rxb3 Rxc5 36. Bd3 Rb8 37. a4 b4 38. Bb5 Rc3+ 39. Rxc3 bxc3 40. Kd3 Rc8 41. Kc2 Rc5 42. Bd3 Kf8 43. Kb3 Ke7 44.
Bc2 Kd6 45. Kb4 Kc6 46. a5 Rb5+ 47. Ka4 Rb2 48. Bd3 c2 0-1

[Event "Late-Titled-Tuesday-Blitz-October-10-2023"]
[Site "Chess.com"]
[Date "2023.10.10"]
[Round "10"]
[White "Djager97"]
[Black "Eliwood44"]
[Result "1-0"]
[WhiteElo "2629"]
[BlackElo "2493"]
[TimeControl "180+1"]
[EndTime "15:51:11 PDT"]
[Termination "Djager97 won by checkmate"]

1. e4 e5 2. Nf3 Nc6 3. d4 exd4 4. Nxd4 Nf6 5. Nxc6 bxc6 6. e5 Qe7 7. Qe2 Nd5 8. c4 Nb6 9. b3 a5 10. Nd2 a4 11. Bb2 axb3 12. axb3 Rxa1+ 13. Bxa1 Qa3 14. Qd1 Bb4 15. Bd3 Qa5 16. Ke2 O-O 17. Nf3 d5 18.
Qc2 dxc4 19. bxc4 Rd8 20. Rd1 Kf8 21. Bxh7 Rxd1 22. Qxd1 Qa2+ 23. Kf1 Qxc4+ 24. Kg1 Nd5 25. Bd3 Qa2 26. h3 Be6 27. Ng5 Nf4 28. Be4 Bd5 29. Bxd5 cxd5 30. Bd4 Qc4 31. Be3 Ne2+ 32. Kh2 Nc3 33. Qh5 d4 34. Bxd4 Ke8 35. e6 Bd6+ 36.
g3 g6 37. Qh8+ Ke7 38. Qf6+ Ke8 39. Qxf7+ Kd8 40. Bf6+ Kc8 41. e7 Bxg3+ 42. Kxg3 Ne2+ 43. Kg2 Qc6+ 44. Nf3 Nf4+ 45. Kh2 Qxf3 46. e8=Q+ Kb7 47. Qb3+ Ka7 48. Qeb8+ Ka6 49. Qa4# 1-0

[Event "Late-Titled-Tuesday-Blitz-October-10-2023"]
[Site "Chess.com"]
[Date "2023.10.10"]
[Round "10"]
[White "K_alena13"]
[Black "PawnEatingZombie"]
[Result "1-0"]
[WhiteElo "2156"]
[BlackElo "2195"]
[TimeControl "180+1"]
[EndTime "15:51:11 PDT"]
[Termination "K_alena13 won on time"]

1. Nf3 Nf6 2. c4 g6 3. Nc3 d5 4.
cxd5 Nxd5 5. Qb3 Nb6 6. h3 Bg7 7. e4 c5 8. d3 O-O 9. Be2 Nc6 10. Be3 Be6 11. Qd1 c4 12. d4 Nb4 13. O-O Nd3 14.
Bxd3 cxd3 15. d5 Bd7 16. Qxd3 e6 17. Bg5 f6 18. Be3 exd5 19. Nxd5 Nxd5 20. Qxd5+ Kh8 21.
Rfd1 Bc6 22. Qc5 Qe8 23. Nd4 Qxe4 24. Nxc6 Qxc6 25. Qxc6 bxc6 26. Rac1 f5 27. Rxc6 Bxb2 28. Rc7 Rfc8 29. Rb7 Be5 30. Rdd7 h5 31. g3 Rc2 32. Bxa7 Rxa2 33. Bd4 Bxd4 34. Rxd4 R2a7 35. Rb6 Kg7 36. Rdd6 Ra1+ 37. Kg2 R1a2 38. Rxg6+ Kh7 39. Rh6+ Kg7 40. Rxh5 Rf8 41. Rg5+ Kh7 42. h4 f4 43. Rh5+ Kg7 44.
Rg5+ Kh7 45. g4 f3+ 46. Kg3 Ra1 47. Rh5+ Kg7 48. Rf5 Rg1+ 49. Kxf3 Rh1 50. Kg3 1-0

[Event "Late-Titled-Tuesday-Blitz-October-10-2023"]
[Site "Chess.com"]
[Date "2023.10.10"]
[Round "10"]
[White "Cayse"]
[Black "GMBenjaminBok"]
[Result "1-0"]
[WhiteElo "2893"]
[BlackElo "3012"]
[TimeControl "180+1"]
[EndTime "15:51:16 PDT"]
[Termination "Cayse won on time"]

1. e4 c5 2. Nf3 d6 3. Bb5+ Nd7 4. d4 cxd4 5. Qxd4 a6 6. Bxd7+ Bxd7 7. O-O Rc8 8. c4 e5 9. Qd3 b5 10. Na3 Qb6 11.
cxb5 axb5 12. Bd2 Nf6 13. Bb4 Bc6 14. Rac1 Be7 15. Nxb5 Bxb5 16. Rxc8+ Kd7 17. Rc4 Bxc4 18. Qxc4 Rc8 19. Nxe5+ Kd8 20. Nxf7+ Kd7 21. Qb3 Nxe4 22. Qh3+ Kc7 23. Rc1+ Nc5 24. Bxc5 dxc5 25. Qg3+ Kb7 26.
Qxg7 Qg6 27. Qxg6 hxg6 28. Ne5 g5 29. Nc4 Kc6 30. h3 Bf6 31. Kf1 Bd4 32. Rc2 Ra8 33.
b3 Re8 34. Nd2 Kd5 35. Nf3 Bf6 36. g3 Ra8 37. Rd2+ Kc6 38. Re2 Kd5 39. Kg2 Ra7 40.
h4 gxh4 41. Nxh4 Bd4 42. f4 Rg7 43. Kf3 Rg8 44. Nf5 Rh8 45. Ne7+ Kd6 46. Nf5+ Kd5 47. Nh4 Ra8 48. f5 Ra3 49. Kg4 c4 50. bxc4+ Kxc4 51. Ng6 Ra8 52. Nf4 Rg8+ 53. Kf3 Bc3 54. Ne6 Bf6 55.
g4 Kd3 56. Re3+ Kd2 57. a4 Rh8 58. Re2+ Kd3 59. Nf4+ Kd4 60. Re4+ Kc5 61. Nh5 Bd4 62.
f6 Ra8 63. g5 Kd5 64. Nf4+ Kc4 65. Ne6 1-0

[Event "Late-Titled-Tuesday-Blitz-October-10-2023"]
[Site "Chess.com"]
[Date "2023.10.10"]
[Round "10"]
[White "frederiksvane"]
[Black "Polish_fighter3000"]
[Result "0-1"]
[WhiteElo "2914"]
[BlackElo "3060"]
[TimeControl "180+1"]
[EndTime "15:51:18 PDT"]
[Termination "Polish_fighter3000 won by resignation"]

1. e4 c6 2. d4 d5 3. exd5 cxd5 4. Nf3 Nc6 5. c3 Nf6 6. Ne5 g6 7. Bb5 Bd7 8. Nxd7 Nxd7 9. O-O Bg7 10. Re1 O-O 11. Bg5 Re8 12. Nd2 Qb6 13. Qb3 e6 14. h4 a6 15. Bd3 Qc7 16. Nf3 b5 17. h5 Nb6 18. h6 Bf8 19. Qc2 Rac8 20. Qe2 Be7 21. Bxe7 Qxe7 22. Qe3 Rb8 23. Qf4 Rb7 24.
Re2 Nc4 25. Rae1 Nb8 26. b3 Nd6 27. Ne5 Nd7 28. g4 Rc8 29. Re3 Nxe5 30. dxe5 Ne8 31. c4 bxc4 32. bxc4 Rb4 33. a3 Ra4 34. Qg3 dxc4 35.
Bc2 Ra5 36. Qf4 Nc7 37. Qf6 Qxf6 38. exf6 Nd5 39. Re5 Rxa3 40. g5 Ra2 41. Be4 Rd2 42. Rc1 a5 43. Kf1 a4 44. Ke1 Rd4 45. Ke2 c3 46. Rc2 a3 47. Bxd5 Rxd5 48. Rxd5 exd5 49. Kd3 Kf8 50. Ra2 c2 51. Kd2 c1=Q+ 0-1

[Event "Late-Titled-Tuesday-Blitz-October-10-2023"]
[Site "Chess.com"]
[Date "2023.10.10"]
[Round "10"]
[White "Cheer_Down"]
[Black "Javylavilla"]
[Result "1-0"]
[WhiteElo "2454"]
[BlackElo "2336"]
[TimeControl "180+1"]
[EndTime "15:51:19 PDT"]
[Termination "Cheer_Down won on time"]

1. e4 c5 2. Nf3 Nc6 3. Bb5 Nd4 4. Nxd4 cxd4 5. c3 dxc3 6. Nxc3 g6 7. d4 Bg7 8. O-O a6 9. Bc4 b5 10. Bb3 e6 11.
Bf4 d6 12. Re1 Ne7 13. Qd2 Bb7 14. Bh6 O-O 15. Bxg7 Kxg7 16. a3 Rc8 17. h4 d5 18. e5 Nf5 19. g3 Qb6 20. Rad1 b4 21. Na4 Qd8 22. axb4 Bc6 23. Nc5 Bb5 24. Bc2 Ne7 25. h5 Nc6 26. Qf4 Nxb4 27. Bb1 Nc6 28. Kg2 Qe7 29. b4 f5 30. hxg6 hxg6 31. Rh1 Rh8 32. g4 Nxb4 33. gxf5 exf5 34. e6 Qf6 35. Rde1 Rxh1 36. Rxh1 Rh8 37. Rxh8 Kxh8 38. Qb8+ Kg7 39. Qc7+ Kh6 40. e7 Qg5+ 41. Kh2 Qh4+ 42. Kg1 Qg4+ 43.
Kh2 Qh4+ 44. Kg1 Qxd4 45. Qd8 Qd1+ 46. Kh2 Qxb1 47. Ne6 Qb2 48. Qf8+ Kh5 49. Nf4+ Kg4 50. Ng2 Qxf2 51. Qf6 1-0

[Event "Late-Titled-Tuesday-Blitz-October-10-2023"]
[Site "Chess.com"]
[Date "2023.10.10"]
[Round "10"]
[White "iturrizaga"]
[Black "Msb2"]
[Result "1-0"]
[WhiteElo "3034"]
[BlackElo "3049"]
[TimeControl "180+1"]
[EndTime "15:51:29 PDT"]
[Termination "iturrizaga won by checkmate"]

1. c4 e6 2. Nf3 d5 3. g3 Nf6 4. Bg2 Nc6 5. cxd5 exd5 6. O-O Bd6 7. d4 O-O 8. Nc3 h6 9. Bf4 Bxf4 10. gxf4 Ne7 11. e3 Nf5 12. Ne5 Nh4 13. Kh1 Nxg2 14.
Kxg2 Be6 15. Rg1 Nd7 16. Kh1 Nxe5 17. fxe5 Qh4 18. Rg3 f6 19. f4 fxe5 20. dxe5 c5 21. Rg6 Bf7 22. Rg4 Qh3 23. Rg3 Qf5 24. Qf3 d4 25.
Nb5 dxe3 26. Nd6 Qe6 27. Rag1 g5 28. h4 Bg6 29. hxg5 h5 30. Qxe3 Rad8 31. Kh2 Qxa2 32.
R3g2 Qe6 33. Re1 b6 34. Rf2 Rd7 35. Rfe2 Qg4 36. Rf2 Qe6 37. Rd1 Qg4 38. Rdd2 Qh4+ 39. Kg2 Qg4+ 40. Qg3 Qe6 41. Qh3 Re7 42. Qxe6+ Rxe6 43. Kg3 Re7 44. Kh4 Kg7 45. Rde2 Bf5 46. Nxf5+ Rxf5 47. Kxh5 Rf8 48. Kg4 Rh8 49. f5 Rd7 50. f6+ Kg6 51.
e6 Rd5 52. f7 Rxg5+ 53. Kf4 Rh4+ 54. Ke3 Re5+ 55. Kd2 Rd4+ 56. Kc2 Rc4+ 57. Kb1 Rb4 58.
Rxe5 Rxb2+ 59. Kxb2 Kg7 60. f8=Q+ Kh7 61. Rh2+ Kg6 62.
Rh6# 1-0

[Event "Late-Titled-Tuesday-Blitz-October-10-2023"]
[Site "Chess.com"]
[Date "2023.10.10"]
[Round "10"]
[White "rasmussvane"]
[Black "mishanick"]
[Result "1/2-1/2"]
[WhiteElo "3008"]
[BlackElo "3087"]
[TimeControl "180+1"]
[EndTime "15:51:29 PDT"]
[Termination "Game drawn by repetition"]

1. Nf3 d5 2. g3 g6 3. Bg2 Bg7 4. d4 Nf6 5. O-O c6 6. a4 Ne4 7. c4 dxc4 8. Qc2 Nd6 9. e4 Na6 10.
Na3 Nb4 11. Qe2 Nd3 12. Rd1 Nxc1 13. Raxc1 Bg4 14. e5 Nf5 15. Nxc4 O-O 16. Qe4 Bxf3 17. Bxf3 e6 18. b4 h5 19. b5 Rc8 20. Ne3 Bh6 21.
bxc6 bxc6 22. Rc4 Bxe3 23. fxe3 Qg5 24. Kf2 Rfd8 25. Rdc1 Qe7 26. Qf4 Rb8 27. Be4 Rb2+ 28. R1c2 Rxc2+ 29. Rxc2 Qb4 30. Bxf5 exf5 31. e6 Rd6 32. exf7+ Kxf7 33. Qh6 Re6 34. Qh7+ Kf6 35. Qh8+ Kf7 36. Qh7+ Kf6 37. Qxa7 Qb3 38. Re2 Qb1 39. Qc5 Qh1 40. Qf8+ Kg5 41. Qd8+ Kh6 42. Qh4 Re4 43. Qh3 Qa1 44. Qg2 Qxa4 45. Qf1 Qb3 46. Qc1 Qd5 47.
Qc3 Re6 48. Qb4 Qh1 49. Qf8+ Kg5 50. Qd8+ Kh6 51. Qh8+ Kg5 52. Qd8+ Kh6 53. Qh8+ Kg5 54. Qd8+ 1/2-1/2

[Event "Late-Titled-Tuesday-Blitz-October-10-2023"]
[Site "Chess.com"]
[Date "2023.10.10"]
[Round "10"]
[White "Levanzovsky"]
[Black "karinachess1"]
[Result "1/2-1/2"]
[WhiteElo "2456"]
[BlackElo "2581"]
[TimeControl "180+1"]
[EndTime "15:51:29 PDT"]
[Termination "Game drawn - insufficient material"]

1. e4 e5 2. Nf3 Nc6 3. Nc3 Nf6 4. d4 exd4 5. Nxd4 Bb4 6. Nxc6 bxc6 7. Bd3 O-O 8. O-O d5 9. Bd2 Rb8 10. Re1 Bxc3 11.
Bxc3 d4 12. Bd2 h6 13. e5 Nd5 14. Qh5 Qd7 15. Re4 f5 16. Rxd4 Qf7 17. Qf3 Rxb2 18. Ra4 Be6 19. Rxa7 Rfb8 20. h3 g5 21. Ra6 Qd7 22. Qh5 Kg7 23. g4 Bf7 24. Bxf5 Qe7 25. Bxg5 Qxg5 26. Qxg5+ hxg5 27. Rxc6 Rb1+ 28. Rxb1 Rxb1+ 29. Kh2 Rb6 30. Rc5 Nf4 31. Rxc7 Kf8 32. a4 Ra6 33.
Rc8+ Ke7 34. Rc7+ Kf8 35. h4 gxh4 36. g5 Rxa4 37. Rc8+ Ke7 38. Rc7+ Kf8 39. e6 Bxe6 40. Bxe6 Nxe6 41. Rc6 Nxg5 42. Rg6 Nf3+ 43. Kh3 Rf4 44. Rg4 Rf7 45. c4 Ke7 46. Kg2 Kd6 47. Re4 Kc5 48. Re3 Ng5 49. Re5+ Kxc4 50. Rxg5 Kd3 51. Rg4 h3+ 52. Kg3 h2 53. Kxh2 Rxf2+ 54. Kg3 Re2 55. Rf4 Re3+ 56. Kg4 Re4 57. Rxe4 Kxe4 1/2-1/2